 Dungeon Crawl Stone Soup version 0.19-a0-503-g45a6586 (webtiles) character file.

44 Kidiri the Magician (level 3, 0/19 HPs)
             Began as a Deep Elf Fire Elementalist on June 5, 2016.
             Slain by a worm (11 damage)
             ... on level 2 of the Dungeon.
             The game lasted 00:05:39 (1934 turns).

Kidiri the Magician (Deep Elf Fire Elementalist)    Turns: 1934, Time: 00:05:39

Health: 0/19       AC:  3    Str:  5    XL:     3   Next: 39%
Magic:  4/10       EV: 13    Int: 20    God:
Gold:   43         SH:  0    Dex: 15    Spells: 4 memorised, 1 level left

rFire  . . .     SeeInvis .     e - +0 short sword (holy)
rCold  . . .     Gourm    .     a - +1 robe
rNeg   . . .     Faith    .     (no shield)
rPois  .         Spirit   .     (no helmet)
rElec  .         Dismiss  .     (no cloak)
rCorr  .         Reflect  .     (no gloves)
SustAt .         Harm     .     (no boots)
MR     .....                    (no amulet)
Stlth  ++........               (no ring)
                                (no ring)

@: very slightly contaminated, not resistant to hostile enchantments, unstealthy
A: no striking features
a: no special abilities


You were on level 2 of the Dungeon.
You were not hungry.

You visited 1 branch of the dungeon, and saw 2 of its levels.

You collected 43 gold pieces.

Inventory:

Hand Weapons
 e - a +0 short sword of holy wrath (weapon)
 j - a +0 dagger
Armour
 a - a +1 robe (worn)
 k - a +0 leather armour
Potions
 d - a potion of brilliance
 f - a potion of agility {unknown}
 l - a potion of haste
 m - a potion of curing {unknown}
Books
 b - a book of Flames

   Spells                             Type                      Level
   a - Flame Tongue                   Conjuration/Fire             1
   b - Throw Flame                    Conjuration/Fire             2
   c - Conjure Flame                  Conjuration/Fire             3
   d - Inner Flame                    Hexes/Fire                   3
   e - Sticky Flame                   Conjuration/Fire             4
   f - Fireball                       Conjuration/Fire             5
Comestibles
 c - a bread ration


   Skills:
 - Level 2.4 Dodging
 - Level 2.4 Stealth
 * Level 4.0 Spellcasting
 * Level 2.1 Conjurations
 * Level 3.8 Fire Magic


You had one spell level left.
You knew the following spells:

 Your Spells              Type           Power        Failure   Level  Hunger
a - Flame Tongue          Conj/Fire      ###..        3%          1    None
b - Throw Flame           Conj/Fire      ###...       6%          2    #......
c - Conjure Flame         Conj/Fire      ###.....     12%         3    ###....
d - Inner Flame           Hex/Fire       ##......     21%         3    ###....


Dungeon Overview and Level Annotations

Branches:
Dungeon (2/15)

Altars:


Message History

The flame tongue hits the worm.
The worm appears unharmed.
The worm is moderately wounded.
Casting: Flame Tongue
Confirm with . or Enter, or press ? or * to list all spells.
Aiming: Flame Tongue
Press: ? - help, Shift-Dir - straight line, f/p - worm
Aim: a worm (moderately wounded)
The flame tongue hits the worm.
The worm is heavily wounded.
The worm bites you!
Casting: Flame Tongue
Confirm with . or Enter, or press ? or * to list all spells.
Aiming: Flame Tongue
Press: ? - help, Shift-Dir - straight line, f/p - worm
Aim: a worm (heavily wounded)
The flame tongue hits the worm.
The worm is almost dead.
The worm bites you!
Ouch! That really hurt!
You die...

+.........'..###......
#.........#.## ##...##
##.......###.###.####
##.....## ##.#.##
##...## ##.## ##'##
#.# #.# #.# #.# #.#
#@# #.# #.w.# #.#
#...... #.# #.....#[#
#.# #.........
...[#.#.#.# ###.. ...
.# #.# ## # #


You could see a worm.

Vanquished Creatures
  3 dart slugs (D:1)
  A giant gecko (D:1)
  2 hobgoblins (D:1)
  9 jackals
  6 kobolds
  3 bats (D:1)
  3 giant newts (D:1)
  2 goblins (D:1)
  6 rats
35 creatures vanquished.

Notes
Turn   | Place    | Note
--------------------------------------------------------------
     0 | D:1      | Kidiri the Deep Elf Fire Elementalist began the quest for the Orb.
     0 | D:1      | Reached XP level 1. HP: 10/10 MP: 6/6
   390 | D:1      | Reached XP level 2. HP: 15/15 MP: 6/8
   394 | D:1      | Learned a level 2 spell: Throw Flame
  1226 | D:1      | Reached XP level 3. HP: 17/19 MP: 5/10
  1242 | D:1      | Learned a level 3 spell: Conjure Flame
  1246 | D:1      | Learned a level 3 spell: Inner Flame
  1520 | D:1      | Reached skill level 4 in Spellcasting
  1934 | D:2      | Slain by a worm

Vault maps used:
D:1:      dpeg_arrival_round_c, serial_glass, glass_columns_b, glass_columns_b
D:2:      first_bread

Skill      XL: |  1  2  3 |
---------------+----------+-----
Spellcasting   | 4 |  4.0
Conjurations   | 2 |  2.1
Dodging        | |  2.4
Stealth        | |  2.4
Fire Magic     | |  3.8

Action                   || total
-------------------------++-------
Melee: Club              ||     4
       Whip              ||     6
       Short sword       ||     6
       Dagger            ||     1
 Cast: Flame Tongue      ||    47
       Throw Flame       ||    18
  Use: Scroll            ||     4
 Stab: Sleeping          ||     1
  Eat: Chunk             ||     3
Armor: Robe              ||     7
Dodge: Dodged            ||    29
